 Dungeon Crawl Stone Soup version 0.17-a0-2127-g1cb09f6 (webtiles) character file.

7143 4thArraOfDagon the Cleaver (level 10, -9/135 HPs)
             Began as a Minotaur Gladiator on Oct 22, 2015.
             Was an Elder of Makhleb.
             Mangled by an ice beast (13 damage)
             ... on level 12 of the Dungeon.
             The game lasted 00:25:22 (4558 turns).

4thArraOfDagon the Cleaver (Minotaur Gladiator)     Turns: 4558, Time: 00:25:22

Health: -9/135     AC: 25    Str: 22    XL:     10   Next: 85%
Magic:  9/13       EV:  2    Int:  8    God:    Makhleb [****..]
Gold:   184        SH:  0    Dex:  9    Spells: 3 memorised, 8 levels left

rFire  . . .     SeeInvis .     B - +3 war axe
rCold  . . .     Clarity  .     (armour currently unavailable)
rNeg   + + +     SustAt   .     (no shield)
rPois  +         Gourm    .     (helmet currently unavailable)
rElec  .         Spirit   .     (cloak currently unavailable)
rCorr  .         Warding  .     (gloves currently unavailable)
rMut   .         NoTele   +     (boots currently unavailable)
MR     .....                    (no amulet)
Stlth  +.........               I - +4 ring of strength (curse)
                                s - ring of teleportation

@: tree-form, not resistant to hostile enchantments, very unstealthy
A: (retaliatory headbutt), (hooves 0), (horns 0), clumsy 1, weak 1, evolution 1
a: Minor Destruction, Lesser Servant of Makhleb, Major Destruction, Renounce
Religion, Evoke Teleportation


You were on level 12 of the Dungeon.
You worshipped Makhleb.
Makhleb was greatly pleased with you.
You were hungry.
You were a tree.
You visited 2 branches of the dungeon, and saw 13 of its levels.
You also visited: Labyrinth.

You collected 418 gold pieces.
You spent 234 gold pieces at shops.

Inventory:

Hand Weapons
 B - a +3 war axe (weapon)
 N - a +1 morningstar of pain
Missiles
 f - 3 javelins
 u - a throwing net (quivered)
Armour
 c - a +0 hat (melded)
 g - a +0 plate armour
 n - a +1 pair of boots (melded)
 y - the +4 scale mail of the Purple Skies (melded) {rN++ Str+5 Dex-5}
   (You bought it in a shop on level 6 of the Dungeon)

   It affects your strength (+5).
   It affects your dexterity (-5).
   It greatly protects you from negative energy.
 F - a +0 shield of positive energy
Magical Staves
 t - an uncursed staff of power {unknown}
Rods
 j - a +8 rod of inaccuracy (14/14)
   (You took it off a minotaur in a labyrinth)
Jewellery
 i - a +3 ring of intelligence
 s - a ring of teleportation (left branch)
 I - a cursed +4 ring of strength (right branch)
Wands
 b - a wand of digging (10)
 m - a wand of paralysis (2)
 z - a wand of frost (23)
 A - a wand of enslavement (10)
 H - a wand of polymorph (13)
 K - a wand of digging (18)
Scrolls
 a - a scroll of vulnerability {unknown}
 h - a scroll of fear
 k - 3 scrolls of teleportation {unknown}
 p - a scroll of blinking {unknown}
 q - 2 scrolls of enchant weapon
 v - 3 scrolls of remove curse
 G - a scroll of random uselessness {unknown}
Potions
 d - a potion of agility {unknown}
 l - a potion of poison {unknown}
 C - a potion of lignification
 D - a potion of cure mutation
 E - 2 potions of brilliance
Books
 w - a book of Enchantments

   Spells                             Type                      Level
   a - Cause Fear                     Hexes                        4
   b - Silence                        Hexes/Air                    5
   c - Deflect Missiles               Charms/Air                   6
   d - Haste                          Charms                       6
   e - Discord                        Hexes                        8
 J - a book of Annihilations

   Spells                             Type                      Level
   a - Poison Arrow                   Conjuration/Poison           6
   b - Chain Lightning                Conjuration/Air              8
   c - Lehudib's Crystal Spear        Conjuration/Earth            8
   d - Glaciate                       Conjuration/Ice              9
   e - Fire Storm                     Conjuration/Fire             9
 L - a book of Debilitation

   Spells                             Type                      Level
   a - Corona                         Hexes                        1
   b - Slow                           Hexes                        2
   c - Gell's Gravitas                Hexes/Translocation          3
   d - Inner Flame                    Hexes/Fire                   3
   e - Cause Fear                     Hexes                        4
   f - Leda's Liquefaction            Hexes/Earth                  4
Miscellaneous
 M - a phial of floods
Comestibles
 e - 12 bread rations
 r - 6 beef jerkies
 x - 4 meat rations


   Skills:
 + Level 8.5 Fighting
 * Level 11.6 Axes
 - Level 2.0 Throwing
 + Level 7.7 Armour
 - Level 3.2 Dodging
 + Level 3.0 Spellcasting
 * Level 5.0 Translocations
 - Level 3.0 Invocations
 + Level 4.2 Evocations


You had 8 spell levels left.
You knew the following spells:

 Your Spells              Type           Power        Failure   Level  Hunger
a - Apportation           Tloc           #.........   4%          1    ##.....
b - Blink                 Tloc           N/A          10%         2    ###....
c - Passage of Golubria   Tloc           N/A          45%         4    #####..


Dungeon Overview and Level Annotations

Branches:
Dungeon (12/15)            Temple (1/1) D:4            Lair (0/8) D:9
    Orc: D:9-12

Altars:
Ashenzari
Dithmenos
Elyvilon
Gozag
Kikubaaqudgha
Makhleb
Nemelex Xobeh
Okawaru
Qazlal
Ru
Sif Muna
Trog
Xom
Yredelemnul
Zin
Beogh

Shops:
D:4 %   D:6 [

Annotations:
D:8 bart's ghost, novice HOFi
D:11 Gastronok


Innate Abilities, Weirdness & Mutations

((You reflexively headbutt those who attack you in melee.))
((You have a pair of horns on your head.))
((You have large cloven feet.))
You are clumsy. (Dex -2)
You are weak. (Str -2)
You evolve.


Message History

You barely miss the ice beast. You barely miss the giant frog.
The giant frog is heavily wounded.
The shadow imp shouts!
The orc hits you but does no damage. The giant frog hits you.
* * * LOW HITPOINT WARNING * * *
The ice beast hits you but does no damage.
Unknown command.
Unknown command.
Unknown command.
Unknown command.
You hit the ice beast.
The ice beast is lightly wounded.
You hit the giant frog.
The giant frog is heavily wounded.
You hit the orc but do no damage.
The giant frog hits you but does no damage.
The orc hits you but does no damage. The ice beast hits you.
* * * LOW HITPOINT WARNING * * *
The ice beast freezes you!
You die...

#...!......
..#..>.....
#........
#......5.
#.......
##.....o#
##......o#
........♣#
##....YF#
#......#
#...<..#
########


You could see an ice beast, a giant frog, a shadow imp and 2 orcs.

Vanquished Creatures
  An ugly thing (D:11)
  A cyclops (D:11)
  A shadow (Lab)
  A hippogriff (D:9)
  2 hungry ghosts (Lab)
  2 wargs (D:9)
  A black bear (D:10)
  Duvessa (D:4)
  4 orc warriors
  4 ogres
  A necrophage (D:7)
  3 ice beasts
  5 centaurs
  2 phantoms
  3 sky beasts
  A crocodile (D:8)
  3 giant frogs
  A wyvern zombie (D:10)
  2 gnoll sergeants
  Dowan (D:4)
  A scorpion (D:11)
  11 killer bees (D:11)
  8 wights
  3 crimson imps
  2 giant frog zombies
  11 orc wizards
  4 jellies
  3 centaur skeletons
  2 giant frog skeletons
  A hound (D:6)
  5 orc priests
  6 worker ants
  A hound zombie (D:9)
  A worker ant zombie (D:5)
  A hound skeleton (D:9)
  13 gnolls
  7 adders
  2 shadow imps (D:5)
  2 adder skeletons
  A worm (D:5)
  4 giant geckos
  35 orcs
  A kobold (D:3)
  4 quokkas
  A quokka zombie (D:7)
  2 rats
172 creatures vanquished.

Vanquished Creatures (collateral kills)
  A minotaur (Lab)
1 creature vanquished.

Vanquished Creatures (others)
  A human (D:5)
1 creature vanquished.

Grand Total: 174 creatures vanquished

Notes
Turn   | Place    | Note
--------------------------------------------------------------
     0 | D:1      | 4thArraOfDagon the Minotaur Gladiator began the quest for the Orb.
     0 | D:1      | Reached XP level 1. HP: 18/18 MP: 0/0
   124 | D:4      | Found a sparkling altar of Nemelex Xobeh.
   143 | D:5      | Entered Level 5 of the Dungeon
   150 | D:5      | Reached skill level 4 in Axes
   150 | D:5      | Reached XP level 2. HP: 19/25 MP: 1/1
   181 | D:5      | Found an ancient bone altar of Kikubaaqudgha.
   182 | D:5      | Noticed a human
   184 | D:5      | Killed a human
   209 | D:6      | Noticed an ogre
   216 | D:6      | Killed an ogre
   216 | D:6      | Reached skill level 5 in Axes
   216 | D:6      | Reached XP level 3. HP: 26/31 MP: 2/2
   216 | D:6      | Reached XP level 4. HP: 31/38 MP: 3/3
   251 | D:6      | Found Sumap's Antique Armour Shoppe.
   279 | D:6      | Noticed an ice beast
   287 | D:6      | Killed an ice beast
   287 | D:6      | Reached XP level 5. HP: 43/46 MP: 4/4
   364 | D:6      | Reached skill level 6 in Axes
   417 | D:6      | Noticed an ogre
   423 | D:6      | Killed an ogre
   423 | D:6      | Reached XP level 6. HP: 50/53 MP: 5/5
   542 | D:7      | Reached skill level 7 in Axes
   554 | D:7      | Reached skill level 1 in Evocations
   614 | D:7      | Reached XP level 7. HP: 18/60 MP: 6/6
   620 | D:7      | Reached skill level 5 in Fighting
   717 | D:7      | Found an ancient bone altar of Kikubaaqudgha.
   889 | D:5      | Noticed an orc priest
   893 | D:5      | Killed an orc priest
   966 | D:5      | Noticed a phantom
   979 | D:5      | Killed a phantom
   979 | D:5      | Reached skill level 8 in Axes
  1074 | D:4      | Found Qasys's Food Shop.
  1123 | D:4      | Noticed a worker ant
  1132 | D:4      | Killed a worker ant
  1132 | D:4      | Reached skill level 5 in Armour
  1137 | D:4      | Noticed Dowan
  1138 | D:4      | Noticed Duvessa
  1147 | D:4      | Killed Duvessa
  1147 | D:4      | Reached XP level 8. HP: 54/70 MP: 8/8
  1153 | D:4      | Killed Dowan
  1164 | D:4      | Noticed a worker ant
  1168 | D:4      | Killed a worker ant
  1181 | D:4      | Noticed a giant frog zombie
  1186 | D:4      | Killed a giant frog zombie
  1194 | D:4      | Found a staircase to the Ecumenical Temple.
  1203 | Temple   | Entered the Ecumenical Temple
  1231 | Temple   | Became a worshipper of Makhleb the Destroyer
  1248 | D:4      | Learned a level 1 spell: Apportation
  1251 | D:4      | Learned a level 2 spell: Blink
  1256 | D:4      | Learned a level 4 spell: Passage of Golubria
  1407 | D:5      | Noticed a giant frog zombie
  1408 | D:5      | Noticed an orc wizard
  1416 | D:5      | Killed an orc wizard
  1417 | D:5      | Killed a giant frog zombie
  1500 | D:2      | Found an opulent altar of Gozag.
  1610 | D:5      | Noticed a worker ant
  1615 | D:5      | Killed a worker ant
  1739 | D:8      | Reached skill level 1 in Translocations
  1739 | D:8      | Reached skill level 1 in Invocations
  1780 | D:8      | Reached skill level 1 in Spellcasting
  1832 | D:8      | Gained mutation: You are clumsy. (Dex -2) [mutagenic meat]
  1833 | D:8      | Gained mutation: You evolve. [mutagenic meat]
  1834 | D:8      | Gained mutation: You are weak. (Str -2) [mutagenic meat]
  1835 | D:8      | Gained mutation: You have large cloven feet. [mutagenic meat]
  1839 | D:8      | Reached skill level 9 in Axes
  1885 | D:8      | Reached * piety under Makhleb
  1924 | D:8      | Noticed bart's ghost (novice HOFi)
  1994 | D:6      | Bought a smoking scale mail for 234 gold pieces
  2004 | D:6      | Identified the +4 scale mail of the Purple Skies {rN++ Str+5 Dex-5} (You bought it in a shop on level 6 of the Dungeon)
  2231 | D:9      | Reached XP level 9. HP: 57/78 MP: 10/10
  2436 | D:9      | Found a staircase to the Lair.
  2477 | D:9      | Reached ** piety under Makhleb
  2644 | D:10     | Entered Level 10 of the Dungeon
  2663 | D:10     | Reached skill level 10 in Axes
  2979 | D:10     | Found a runed door.
  3030 | D:10     | Reached *** piety under Makhleb
  3121 | D:10     | Found a roughly hewn altar of Beogh.
  3375 | D:11     | Reached XP level 10. HP: 75/86 MP: 12/12
  3482 | D:11     | Reached **** piety under Makhleb
  3538 | D:11     | Found a labyrinth entrance.
  3552 | Lab      | Entered a labyrinth
  3878 | Lab      | obviously
  3919 | Lab      | Reached skill level 11 in Axes
  4171 | Lab      | Noticed a minotaur
  4182 | Lab      | Killed a minotaur
  4196 | Lab      | obviously
  4239 | D:11     | Noticed a centaur skeleton
  4244 | D:11     | Killed a centaur skeleton
  4300 | D:11     | Found a runed door.
  4300 | D:11     | Noticed a cyclops
  4313 | D:11     | Killed a cyclops
  4452 | D:11     | Noticed a brown ugly thing
  4472 | D:11     | Killed a brown ugly thing
  4472 | D:11     | Reached skill level 5 in Translocations
  4475 | D:11     | Noticed a rakshasa
  4548 | D:11     | Noticed Gastronok
  4553 | D:12     | obviously
  4554 | D:12     | HP: 5/135 [giant frog (2)]
  4558 | D:12     | Mangled by an ice beast

Vault maps used:
D:1:      onia_arrival_handbag
D:2:      nicolae_overflow_hidden_temple
D:3:      minitemple, nicolae_tso_carved_into_rock, first_bread
D:4:      kennysheep_little_box, minmay_temple_entry_large_hall, serial_shops,
          shop_statue, minmay_misc_feat_pillars, uniq_duvessa
D:5:      tgw_kikubaaqudgha, uniq_eustachio
D:6:      serial_shops, shop
D:7:      lemuel_round_altar
D:8:      grunt_ogre_cave
D:9:      erik_lair_orcish_takeover, minmay_misc_feat_tiny
D:10:     lightli_church_of_beogh, uniq_nergalle
D:11:     lab_entry_generic, minivault_13, uniq_gastronok, uniq_josephine
D:12:     orc_0_dummy, serial_shops, nicolae_shop_stone, uniq_psyche
Temple:   circular_temple_12
Lab:      nicolae_lab_big_swirl, nicolae_lab_arrow

Action                   |  1- 3 |  4- 6 |  7- 9 | 10-12 || total
-------------------------+-------+-------+-------+-------++-------
Melee: War axe           |     5 |    58 |   365 |   115 ||   543
Throw: Throwing net      |     4 |     3 |       |     2 ||     9
Invok: Lesser Servant of |       |       |       |     4 ||     4
 Abil: Evoke Teleportati |       |       |       |     8 ||     8
Evoke: Wand              |       |     5 |     9 |       ||    14
  Use: Scroll            |     2 |     1 |     8 |     1 ||    12
       Potion            |       |     3 |     2 |     4 ||     9
 Stab: Held in net/web   |       |     1 |       |       ||     1
       Paralysed         |       |    12 |    14 |       ||    26
  Eat: Chunk             |       |       |    13 |     1 ||    14
       Pizza             |       |       |       |     2 ||     2
       Beef jerky        |       |       |       |     2 ||     2
       Bread ration      |       |       |       |     1 ||     1
